Map: Old Republic LE

Players

Gazza - Winner!

  • Race: Protoss Protoss
  • League: Silver
  • Spawn Location: 1:00

SCIInewby

  • Race: Protoss Protoss
  • League: Master
  • Spawn Location: 7:00

VOD

Have the link to the VOD?

Description

Time

  • Played on: Feb. 7, 2026, 2:15 p.m.
  • Length: 4:48
Show
View Real Time Build Order
Export as new Build Order

Gazza Protoss - Winner!

Build Orders: Cannon Rush 

Get SALT Encoding   

  12  0:12  Pylon  
  12  0:32  Probe  
  12  0:33  Forge  
  13  0:51  Pylon  
  13  0:57  Pylon  
  13  1:05  Pylon  
  13  1:30  Photon Cannon  
  13  1:45  Photon Cannon  
  13  1:46  Photon Cannon  
  12  2:13  Photon Cannon  
  12  2:18  Photon Cannon  
  12  2:41  Photon Cannon  
  12  2:48  Photon Cannon  
  12  2:56  Pylon  
  12  3:21  Photon Cannon  
  12  3:27  Photon Cannon  
  12  3:34  Photon Cannon  
  12  3:57  Photon Cannon  
  12  4:04  Pylon  
  12  4:12  Photon Cannon  
  12  4:26  Pylon  
Show
View Real Time Build Order
Export as new Build Order

SCIInewby Protoss 

Build Orders:  

Get SALT Encoding   

  12  0:00  Probe  
  13  0:13  Probe  
  14  0:18  Pylon  
  14  0:25  Probe  
  15  0:37  Probe  
  15  0:40  Gateway  
  16  0:49  Probe  
  17  0:57  Gateway  
  17  1:27  Pylon  
  17  1:30  Zealot  
  17  1:31  Pylon  
  19  1:35  Probe  
  20  1:54  Cybernetics Core, Zealot  
  20  2:00  Assimilator  
  22  2:02  Probe  
  22  2:08  Zealot  
  25  2:25  Pylon  
  21  2:35  Probe  
  18  2:43  Probe  
  18  2:51  Probe  
  17  2:57  Zealot  
  18  3:02  Probe  
  19  3:10  Probe  
  19  3:11  Zealot  
  21  3:18  Probe  
  22  3:25  Pylon  
  23  3:27  Probe  
  23  3:33  Pylon  
  22  3:56  Pylon  
  22  3:57  Zealot  
  24  4:19  Pylon  
  24  4:24  Gateway  
  24  4:28  Forge  
  22  4:35  Pylon  
  22  4:36  Pylon  
Tags
 
Matchup
PvP
Replay Pack
Multiplayer
Spawn Locations
Cross Positions
Add a new tag
Caveats
  • Supply blocks, unpowered buildings, or Contaminate may cause inaccurate times.
  • Supply counts are checked every 10 seconds.